 Dungeon Crawl Stone Soup version 0.27.0-1-g7a089689b8 (webtiles) character file.

Game seed: 11474257764764522779

161 benadryl the Magician (level 5, -3/39 HPs)
             Began as a Djinni Air Elementalist on Aug 1, 2021.
             Slain by Sigmund (10 damage)
             ... on level 3 of the Dungeon.
             The game lasted 00:08:40 (4311 turns).

benadryl the Magician (Djinni Air Elementalist)     Turns: 4311, Time: 00:08:40

Health: -3/39      AC:  2    Str:  7    XL:     5   Next: 70%
Gold:   86         EV: 12    Int: 17    God:
                   SH:  0    Dex: 14

rFire    + + .     SeeInvis .   f - +3 dagger (speed)
rCold    x . .     Faith    .   (no shield)
rNeg     . . .     Spirit   .   a - +0 robe
rPois    ∞         Reflect  .   (no helmet)
rElec    .         Harm     .   (no cloak)
rCorr    .         Rampage  .   (no gloves)
Will     .....                  (boots unavailable)
Stlth    ++........             (no amulet)
HPRegen  0.13/turn              (no ring)
MPRegen  0.00/turn              (no ring)

@: flying
A: sickness immunity, fire resistance 2, cold vulnerability 1, float, innate
caster, hp casting, extra vitality 1
a: no special abilities


You were on level 3 of the Dungeon.
You visited 1 branch of the dungeon, and saw 3 of its levels.

You collected 86 gold pieces.

Inventory:

Hand Weapons
 f - a +3 dagger of speed (weapon)
Armour
 a - a +0 robe (worn)
Jewellery
 d - an amulet of faith
Wands
 c - a wand of charming (4)
Scrolls
 b - 2 scrolls of noise
 i - a scroll of fear
Potions
 e - 2 potions of curing {@q1}
 g - a potion of haste
 h - a potion of brilliance


   Skills:
 + Level 2.6 Fighting
 - Level 2.1 Dodging
 - Level 1.5 Stealth
 * Level 4.0 Spellcasting


You couldn't memorise any spells.
You knew the following spells:

 Your Spells              Type           Power      Damage    Failure   Level
a - Shock                 Conj/Air       68%        1d7       3%          1
b - Static Discharge      Conj/Air       17%        N/A       4%          2
c - Swiftness             Air            17%        N/A       9%          3
d - Airstrike             Air            8%         N/A       30%         4
e - Pain                  Necr           68%        1d7       3%          1
f - Call Imp              Summ           17%        N/A       4%          2
Your spell library was empty.

Dungeon Overview and Level Annotations

Branches:
Dungeon (3/15)

Altars:

Shops:
D:3 :

Annotations:
D:3 Sigmund


Innate Abilities, Weirdness & Mutations

You are immune to sickness and miasma.
You are immune to poison.
Your flesh is very heat resistant. (rF++)
You are vulnerable to cold. (rC-)
You float through the air rather than walking.
You learn spells naturally, not from books.
Your magical power is your life essence.
You have superior vitality. (+4 HP)


Message History

HP restored.
You start waiting.
Done waiting.
You see here a jackal skeleton.
Sigmund the Dreaded comes into view.
He is wielding a +0 scythe.
Sigmund shouts!
You hear an angry hiss.
Casting: Shock (safe; 3% risk of failure)
Confirm with . or Enter, or press ? or * to list all spells.
Aiming: Shock (safe; 3% risk of failure)
Press: ? - help, Shift-Dir - straight line
Okay, then.
Aiming: Pain (safe; 3% risk of failure)
Press: ? - help, Q - select action, (/) - cycle Shift-Dir - straight line, f - Sigmund
Aim: Sigmund, wielding a +0 scythe and wearing a +0 robe (chance to affect: 82%) Sigmund writhes in agony.
Aiming: Pain (safe; 3% risk of failure)
Press: ? - help, Q - select action, (/) - cycle Shift-Dir - straight line, f/p - Sigmund
Aim: Sigmund, wielding a +0 scythe and wearing a +0 robe (lightly wounded, chance to affect: 82%) Sigmund writhes in agony!
Sigmund gestures wildly while chanting.
Sigmund flickers and vanishes!
Deactivating autopickup; reactivate with Ctrl-A.
Casting: Pain (safe; 3% risk of failure)
Confirm with . or Enter, or press ? or * to list all spells.
You can't see any susceptible monsters within range! (Use Z to cast anyway.)
Something hits you! Something hits you!
Casting: Pain (safe; 3% risk of failure)
Confirm with . or Enter, or press ? or * to list all spells.
You don't know that spell.
Casting: Pain (safe; 3% risk of failure)
Confirm with . or Enter, or press ? or * to list all spells.
Aiming: Shock (safe; 3% risk of failure)
Press: ? - help, Shift-Dir - straight line The zap hits something.
* * * LOW HITPOINT WARNING * * *
Something hits you.
* * * LOW HITPOINT WARNING * * *
Something hits you!
You die...

#.##.....##. #.
#####.### #.###
#.... #.#####
##### #.....#
##### #####.#
#.... #.# #.###
#@# #.# #.#
##########)# #.#
#..........# #.#
#.#######÷.# #.#
#..........#
#.###..#####..<#
#......#####...#
####...........#
##..#####..##


There were no monsters in sight!

Vanquished Creatures
  Jessica (D:3)
  A scorpion zombie (D:3)
  A hound zombie (D:3)
  A gnoll (D:1)
  2 adders (D:2)
  An adder skeleton (D:3)
  3 worms (D:2)
  3 ball pythons
  5 endoplasms
  A giant cockroach (D:2)
  2 goblins (D:1)
  7 hobgoblins
  4 jackals (D:3)
  8 kobolds
  3 quokkas
  A ball python zombie (D:3)
  6 bats
  A frilled lizard (D:1)
  A jackal zombie (D:3)
  A quokka zombie (D:3)
  4 rats (D:1)
57 creatures vanquished.

Vanquished Creatures (others)
  11 demonic plants (D:2)
  6 fungi (D:2)
  3 plants (D:2)
  7 withered plants
27 creatures vanquished.

Grand Total: 84 creatures vanquished

Notes
Turn   | Place    | Note
-------+----------+-------------------------------------------
     0 | D:1      | benadryl the Djinni Air Elementalist began the quest for
                  | the Orb.
     0 | D:1      | Reached XP level 1. HP: 15/15 MP: 0/0
   181 | D:1      | Reached XP level 2. HP: 13/22 MP: 0/0
   481 | D:1      | Reached skill level 1 in Fighting
   481 | D:1      | Reached XP level 3. HP: 8/27 MP: 0/0
   481 | D:1      | Learned a level 1 spell: Pain
   806 | D:1      | Reached skill level 3 in Spellcasting
  1898 | D:2      | Reached XP level 4. HP: 19/33 MP: 0/0
  2781 | D:2      | Found a faded altar of an unknown god.
  2965 | D:3      | Noticed Jessica
  2971 | D:3      | Killed Jessica
  2972 | D:3      | Reached XP level 5. HP: 29/38 MP: 0/0
  2972 | D:3      | Learned a level 2 spell: Call Imp
  3937 | D:3      | Reached skill level 4 in Spellcasting
  3984 | D:3      | Found Femaveg's Book Shop.
  4304 | D:3      | Noticed Sigmund
  4311 | D:3      | Slain by Sigmund

Illustrated notes

Levels and vault maps discovered:
D:1:      roderic_crop_circles_arrival_small, layout_loops_ring
D:2:      layout_rooms, shapermc_ecumenical_altar_gd, kennysheep_generic_room_5
D:3:      layout_loops_cross, lemuel_coloured_pillars_altar, serial_shops, shop,
          serial_undead, serial_undead_d, serial_undead_c, serial_undead_b,
          serial_undead_e, serial_undead_a, serial_undead_c, uniq_terence,
          uniq_jessica, uniq_sigmund

Skill      XL: |  1  2  3  4  5 |
---------------+----------------+-----
Fighting       | 1 2 |  2.6
Spellcasting   | 3 4 |  4.0
Dodging        | |  2.1
Stealth        | |  1.5

Action                   |  1- 3 |  4- 6 || total
-------------------------+-------+-------++-------
 Cast: Shock             |    67 |    66 ||   133
       Static Discharge  |     1 |       ||     1
       Pain              |       |    21 ||    21
       Call Imp          |       |     1 ||     1
  Use: Scroll            |     7 |     3 ||    10
Armor: Robe              |     6 |     4 ||    10
Dodge: Dodged            |    15 |     9 ||    24
